Map: Yeonsu LE

Players

MelloW (Nina) - Winner!

  • Race: Protoss Protoss
  • Spawn Location: 7:00

Miszu

  • Race: Terran Terran
  • League: Master
  • Spawn Location: 1:00

VOD

Have the link to the VOD?

Description

Time

  • Played on: Feb. 5, 2016, 9:18 a.m.
  • Length: 16:40
Show
View Real Time Build Order
Export as new Build Order

MelloW Protoss - Winner!

Build Orders: 1 Gate Expand, Blink Stalkers 

Get SALT Encoding   

  12  0:01  Probe (Chrono Boost)  
  13  0:11  Probe (Chrono Boost)  
  14  0:19  Pylon  
  14  0:22  Probe (Chrono Boost)  
  15  0:37  Probe (Chrono Boost)  
  15  0:38  Gateway  
  16  0:48  Probe (Chrono Boost)  
  16  0:49  Assimilator  
  17  0:58  Probe (Chrono Boost)  
  18  1:09  Probe (Chrono Boost)  
  19  1:18  Nexus  
  19  1:30  Cybernetics Core  
  19  1:33  Probe (Chrono Boost)  
  20  1:41  Zealot  
  20  1:46  Pylon  
  22  1:48  Probe (Chrono Boost)  
  23  1:54  Assimilator  
  23  2:08  Mothership Core (Chrono Boost)  
  25  2:26  Probe (Chrono Boost)  
  26  2:30  Probe (Chrono Boost)  
  26  2:36  Probe (Chrono Boost)  
  28  2:38  Twilight Council  
  28  2:41  Probe (Chrono Boost)  
  28  2:43  Warp Gate  
  29  2:46  Adept  
  29  2:47  Probe (Chrono Boost)  
  32  2:51  Probe (Chrono Boost)  
  32  2:57  Probe (Chrono Boost)  
  34  3:02  Probe (Chrono Boost)  
  35  3:08  Probe (Chrono Boost)  
  35  3:12  Probe (Chrono Boost)  
  37  3:14  Gateway  
  37  3:16  Blink (Chrono Boost)  
  37  3:18  Probe (Chrono Boost)  
  38  3:21  Probe (Chrono Boost)  
  39  3:30  Probe  
  39  3:32  Probe  
  41  3:42  Probe x2  
  41  3:46  Robotics Facility  
  41  3:47  Gateway  
  41  3:50  Gateway  
  41  3:53  Probe  
  41  3:54  Probe  
  43  4:00  Pylon  
  43  4:03  Probe  
  43  4:06  Probe  
  45  4:16  Gateway  
  45  4:17  Gateway  
  45  4:19  Probe  
  46  4:33  Warp Prism  
  46  4:35  Nexus  
  48  4:40  Pylon, Probe  
  48  4:45  Probe  
  49  4:47  Assimilator  
  49  4:48  Assimilator  
  49  4:50  Pylon  
  50  4:53  Probe  
  50  4:54  Stalker  
  50  4:59  Probe  
  53  5:00  Pylon  
  53  5:01  Stalker  
  56  5:07  Stalker x2  
  56  5:10  Probe  
  56  5:11  Observer  
  56  5:13  Resonating Glaives (Chrono Boost)  
  62  5:18  Zealot  
  62  5:20  Probe  
  64  5:23  Probe  
  64  5:25  Pylon  
  66  5:36  Observer  
  66  5:40  Stalker x4  
  75  5:45  Stalker x2  
  79  5:53  Probe  
  79  5:55  Probe  
  81  6:03  Sentry x2  
  85  6:04  Sentry  
  79  6:17  Probe  
  79  6:18  Probe  
  72  6:22  Stalker x3, Probe  
  74  6:26  Forge  
  74  6:28  Probe  
  74  6:29  Stalker x2  
  74  6:30  Probe  
  74  6:32  Probe  
  80  6:38  Probe  
  81  6:41  Assimilator  
  81  6:42  Probe  
  81  6:43  Assimilator, Probe  
  84  6:47  Robotics Bay  
  84  6:49  Warp Prism, Probe  
  84  6:53  Pylon  
  87  6:54  Probe  
  87  6:57  Probe  
  87  6:59  Probe  
  90  7:06  Probe  
  90  7:07  Protoss Ground Weapons Level 1 (Chrono Boost)  
  91  7:09  Pylon  
  91  7:15  Pylon  
  91  7:18  Stalker  
  91  7:19  Stalker x4  
  91  7:22  Pylon  
  101  7:31  Probe  
  101  7:32  Immortal (Chrono Boost)  
  106  7:45  Stalker x5  
  106  7:46  Stalker  
  118  7:56  Gateway x2  
  117  8:09  Pylon  
  117  8:11  Disruptor (Chrono Boost)  
  118  8:12  Zealot  
  118  8:14  Pylon  
  120  8:38  Stalker  
  120  8:39  Stalker x5  
  128  8:46  Disruptor (Chrono Boost)  
  128  8:56  Pylon  
  128  8:59  Pylon  
  128  9:02  Adept x2  
  130  9:03  Adept x6  
  130  9:07  Protoss Ground Weapons Level 2  
  144  9:12  Forge  
  144  9:17  Observer (Chrono Boost), Nexus  
  144  9:18  Pylon  
  144  9:20  Pylon, Gravitic Drive  
  145  9:26  Stalker x3  
  147  9:44  Adept  
  147  9:45  Adept x4  
  157  9:49  Protoss Ground Armor Level 1  
  157  9:51  Disruptor (Chrono Boost)  
  160  9:54  Gateway  
  160  9:55  Gateway  
  160  9:56  Gateway  
  158  10:12  Stalker  
  158  10:13  Stalker x6  
  158  10:14  Stalker  
  168  10:21  Photon Cannon  
  168  10:25  Photon Cannon  
  166  10:36  Pylon  
  166  10:39  Stalker  
  166  10:40  Stalker x3  
  174  10:50  Photon Cannon  
  174  10:53  Photon Cannon  
  174  10:54  Photon Cannon  
  174  10:55  Stalker  
  174  10:56  Stalker  
  178  11:05  Stalker x3  
  178  11:09  Observer (Chrono Boost)  
  185  11:13  Pylon  
  185  11:15  Robotics Facility  
  185  11:16  Stalker  
  182  11:19  Stalker  
  182  11:25  Stalker  
  182  11:38  Disruptor (Chrono Boost)  
  155  11:48  Stalker x5  
  162  11:55  Protoss Ground Armor Level 2 (Chrono Boost), Probe  
  163  12:02  Probe x2  
  161  12:10  Probe  
  161  12:11  Templar Archives  
  162  12:18  Adept x3  
  162  12:19  Probe  
  169  12:25  Probe  
  169  12:41  Stargate  
  169  12:43  Stargate, Assimilator x2  
  169  12:44  Disruptor x2  
  173  12:54  Probe  
  174  13:00  Nexus  
  174  13:19  Dark Shrine  
  174  13:22  Mothership Core  
  174  13:26  Void Ray x2 (Chrono Boost)  
  155  13:41  Stalker  
  155  13:42  Stalker  
  117  15:27  Nexus  
Show
View Real Time Build Order
Export as new Build Order

Miszu Terran 

Build Orders: Command Center First (CC), MMM Bio 

Get SALT Encoding   

  12  0:00  SCV  
  13  0:13  SCV  
  14  0:20  Supply Depot  
  14  0:25  SCV  
  15  0:42  SCV  
  16  0:54  SCV  
  17  1:04  Command Center  
  17  1:06  SCV  
  18  1:18  SCV  
  18  1:20  Barracks  
  19  1:30  SCV  
  19  1:32  Barracks  
  20  1:42  SCV  
  21  1:50  Barracks  
  21  1:55  SCV  
  22  2:07  Orbital Command  
  22  2:08  Marine  
  23  2:19  Orbital Command  
  23  2:20  Marine  
  24  2:27  Marine  
  25  2:33  SCV  
  26  2:37  Marine  
  26  2:38  Marine  
  26  2:40  Refinery  
  26  2:41  Refinery  
  28  2:45  Marine, SCV x2  
  31  2:55  Supply Depot, Marine  
  31  2:56  Marine  
  31  2:57  Supply Depot, SCV  
  34  3:00  SCV  
  34  3:03  Marine  
  36  3:09  SCV  
  37  3:13  SCV  
  37  3:14  Barracks Tech Lab  
  37  3:16  Marine  
  39  3:21  Marine, SCV  
  39  3:25  SCV  
  42  3:34  Marine x2, Stimpack  
  43  3:39  Marine  
  44  3:41  SCV  
  44  3:42  SCV  
  44  3:46  Factory  
  46  3:51  Marine  
  46  3:52  Marine  
  46  3:54  SCV x2  
  50  3:56  Marine  
  50  3:59  Supply Depot  
  50  4:02  Engineering Bay, Refinery  
  51  4:06  SCV x2  
  51  4:09  Marine  
  54  4:20  Marine, SCV x2  
  54  4:22  Supply Depot  
  58  4:29  Terran Infantry Weapons Level 1  
  58  4:30  Missile Turret  
  59  4:32  Missile Turret  
  59  4:33  Starport, SCV  
  58  4:39  Marine, SCV  
  58  4:40  Marine, Factory Reactor  
  58  4:45  SCV  
  62  4:50  Marine  
  62  4:51  SCV  
  64  4:53  Supply Depot  
  64  4:57  Marine, SCV  
  64  4:58  Marine  
  66  5:03  SCV  
  66  5:05  Liberator x2  
  67  5:08  Marine  
  67  5:09  SCV  
  67  5:11  Supply Depot  
  69  5:15  Marine  
  69  5:16  Marine  
  69  5:17  SCV  
  72  5:21  Supply Depot  
  78  5:33  Marine, SCV  
  78  5:34  Supply Depot  
  81  5:36  SCV  
  81  5:39  Command Center  
  81  5:42  Barracks Reactor, Barracks Tech Lab  
  81  5:48  Refinery  
  81  5:50  Barracks  
  81  5:51  Barracks  
  81  5:52  SCV  
  81  5:53  SCV  
  83  5:59  Marauder  
  83  6:01  Marauder  
  85  6:04  SCV  
  69  6:26  Medivac x2  
  69  6:28  Marine x2, Barracks Tech Lab, Marauder  
  77  6:35  SCV x2  
  77  6:38  Supply Depot  
  76  6:47  SCV  
  76  6:49  Marauder  
  76  6:51  Supply Depot, SCV  
  76  6:53  Orbital Command  
  80  6:55  Marauder  
  80  6:56  Medivac x2  
  80  6:57  Concussive Shells  
  86  7:03  Marine  
  86  7:07  Barracks Tech Lab  
  86  7:08  Barracks Reactor  
  87  7:09  Marine  
  87  7:10  Marauder  
  87  7:13  SCV  
  87  7:14  SCV  
  92  7:16  Refinery, Marauder  
  92  7:17  Refinery  
  94  7:23  Fusion Core  
  94  7:25  SCV  
  94  7:26  Starport, SCV  
  94  7:27  SCV  
  95  7:37  SCV  
  95  7:38  Liberator, SCV  
  95  7:43  Barracks Tech Lab  
  97  7:45  Marine  
  97  7:46  Marauder x2  
  97  7:49  SCV  
  103  7:52  SCV  
  103  7:53  SCV  
  103  7:54  Liberator  
  103  7:55  Supply Depot  
  103  7:56  Supply Depot  
  108  8:04  Marauder  
  107  8:07  Marauder  
  107  8:11  Marine, Marauder  
  117  8:13  Starport Tech Lab  
  117  8:14  SCV x3  
  117  8:19  Missile Turret  
  117  8:21  Liberator  
  117  8:24  Liberator  
  117  8:26  Marauder  
  111  8:37  Liberator  
  111  8:40  Marine x5, Marauder  
  115  8:47  Marine  
  117  8:57  Marine  
  117  8:58  Marine x4  
  117  9:01  Marauder  
  117  9:02  Supply Depot  
  124  9:05  Marauder  
  124  9:07  Missile Turret  
  124  9:09  Bunker, Liberator  
  126  9:10  Sensor Tower, Liberator  
  126  9:12  SCV  
  126  9:14  Advanced Ballistics  
  126  9:15  Marine  
  126  9:16  Marine x2  
  129  9:21  Marine  
  129  9:23  Marauder  
  132  9:25  Liberator  
  132  9:26  Marauder  
  130  9:41  Marine x4, Sensor Tower  
  130  9:44  Marauder  
  139  9:48  Marauder  
  139  9:52  Liberator  
  142  9:54  Combat Shields  
  142  9:56  Barracks Tech Lab  
  142  9:58  Marine  
  142  9:59  Marine  
  143  10:06  Marauder  
  142  10:09  Marauder  
  142  10:11  Medivac  
  142  10:12  Marine  
  148  10:18  Marauder  
  149  10:33  Liberator  
  149  10:35  Liberator  
  149  10:46  Terran Infantry Armor Level 1  
  149  10:49  Supply Depot  
  149  10:50  Marine x4, Medivac  
  149  10:51  Supply Depot, Marauder x3  
  149  10:52  Supply Depot  
  167  11:03  Liberator  
  163  11:08  Marine x4  
  167  11:12  Marauder x3  
  176  11:26  Marine x3  
  177  11:33  Marauder  
  177  11:34  Marauder  
  156  11:47  Medivac x2  
  156  11:49  Marine, Marauder  
  156  11:53  Marine  
  158  11:54  Marine x3  
  158  11:55  Marauder  
  158  11:58  Barracks  
  158  12:00  Engineering Bay, Liberator x2  
  158  12:01  Command Center  
  160  12:03  Medivac  
  160  12:04  Barracks  
  160  12:05  Barracks  
  160  12:07  Marine  
  162  12:10  Marine  
  162  12:11  Marine  
  162  12:12  Marine  
  162  12:13  Marauder  
  167  12:19  Liberator  
  175  12:43  Liberator x2  
  174  12:56  Barracks Tech Lab  
  174  12:58  Barracks Tech Lab  
  174  13:02  Liberator  
  180  13:16  Marine x8, Marauder  
  188  13:21  SCV  
  188  13:24  Marauder  
  174  13:35  Marine  
  174  13:36  Marine x2  
Tags
 
Add a new tag
Caveats
  • Supply blocks, unpowered buildings, or Contaminate may cause inaccurate times.
  • Supply counts are checked every 10 seconds.